AoeStats
← Tunga

Arabia

505262027Analyzed
1v1 RM · 25d ago on Sep 8, 2026· 25m 55s· 2 players
Game mode
Random Map
Map size
Tiny (2 player)
Population
200
Speed
Normal
Resources
Standard
Victory
Conquest
Starting age
Dark Age
Ending age
Imperial Age
RankedLock teamsTeams togetherTeam positionsShared explorationLock speedFull tech treeHidden civsTurbo modeCheats
Victory
Defeat
🇭🇺 Ethiopians · Hungary
802
+15
🇹🇷 Magyars · Türkiye
774
-15
Tunga
6:24 Loom
13:35 Feudal Age
16:02 Wheelbarrow
18:41 Scale Barding Armor
22:21 Castle Age
21:48 Bloodlines
23:09 Husbandry
Jaja
10:41 Feudal Age
10:36 Loom
11:00 Man-at-Arms
18:27 Castle Age
16:34 Double-Bit Axe
16:41 Gold Mining
17:14 Fletching
18:14 Padded Archer Armor
19:11 Bodkin Arrow
18:44 Crossbowman
22:38 Thumb Ring
Connection lost

Rejoining the realm…

Still unreachable

The connection could not be restored.

Session expired

The server has moved on; the page needs a fresh start.